BSA
BAFFIN ISLAND BEAVERS @ KALAMAZOO ROYALE WITH CHEESE
09/11/2024
 
TOP OF THE 1ST
Baffin Island Beavers batting - Pitching for Kalamazoo Royale with Cheese : RHP Jason Taylor
Pitching: RHP Jason Taylor
Batting: LHB Chris Bates 0-0: Swinging Strike
0-1: Ball
1-1: Ball
2-1: Foul Ball, location: 2F
2-2: DOUBLE (Flyball, 78XD)
Batting: LHB Jeff Cole 0-0: Foul Ball, location: 2F
0-1: Ball
1-1: Ground out 6-3 (Groundball, 6)
Chris Bates to third
Batting: SHB Alonso Ferreira 0-0: Swinging Strike
0-1: Swinging Strike
0-2: SINGLE (Line Drive, 56)
Chris Bates scores
Batting: LHB Jerry Bryan 0-0: Foul Ball, location: 2F
0-1: Foul Ball, location: 2F
0-2: Ball
1-2: Strikes out swinging
Batting: RHB Tony Morton 0-0: Ball
1-0: Ball
2-0: Fly out, F9 (Flyball, 9LM)
Top of the 1st over - 1 run(s), 2 hit(s), 0 error(s), 1 left on base; Baffin Island 1 - Kalamazoo 0
BOTTOM OF THE 1ST
Kalamazoo Royale with Cheese batting - Pitching for Baffin Island Beavers : RHP Robert Reeves
Pitching: RHP Robert Reeves
Batting: LHB Bill Hall 0-0: Ball
1-0: Foul Ball, location: 2F
1-1: Called Strike
1-2: Ball
2-2: SOLO HOME RUN (Flyball, 9D), Distance : 369 ft
Batting: RHB Run-ming Zhu 0-0: Foul Ball, location: 2F
0-1: Called Strike
0-2: Foul Ball, location: 2F
0-2: Ball
1-2: Ground out 4-3 (Groundball, 4)
Batting: LHB Jacob Wright 0-0: Called Strike
0-1: Ball
1-1: Called Strike
1-2: Foul Ball, location: 2F
1-2: Fly out, F5 (Popup, 5F)
Batting: RHB Miguel Encarnación 0-0: Ball
1-0: Ball
2-0: Ball
3-0: Base on Balls
Batting: LHB Francisco Torres 0-0: Called Strike
0-1: Ball
1-1: Fly out, F9 (Line Drive, 9D)
Bottom of the 1st over - 1 run(s), 1 hit(s), 0 error(s), 1 left on base; Baffin Island 1 - Kalamazoo 1
TOP OF THE 2ND
Baffin Island Beavers batting - Pitching for Kalamazoo Royale with Cheese : RHP Jason Taylor
Batting: LHB Keng-chi Lao 0-0: Called Strike
0-1: Called Strike
0-2: Foul Ball, location: 2F
0-2: Fly out, F7 (Flyball, 78D)
Batting: RHB José García 0-0: Foul Ball, location: 2F
0-1: Hit by Pitch
Batting: LHB Victor Howard 0-0: Called Strike
José García is caught stealing 2nd base
0-1: Foul Ball, location: 2F
0-2: Ball
1-2: Ball
2-2: Ball
3-2: Foul Ball, location: 2F
3-2: Ground out U3 (Groundball, 3)
Top of the 2nd over - 0 run(s), 0 hit(s), 0 error(s), 0 left on base; Baffin Island 1 - Kalamazoo 1
BOTTOM OF THE 2ND
Kalamazoo Royale with Cheese batting - Pitching for Baffin Island Beavers : RHP Robert Reeves
Batting: LHB Ben Moss 0-0: Called Strike
0-1: Ball
1-1: Ball
2-1: Foul Ball, location: 2F
2-2: Ground out 1-3 (Groundball, 15)
Batting: LHB Jack Hewat 0-0: Swinging Strike
0-1: Ball
1-1: Foul Ball, location: 2F
1-2: Ball
2-2: Foul Ball, location: 2F
2-2: Strikes out swinging
Batting: SHB Jack Fountain 0-0: Ball
1-0: Bunted foul
1-1: Ball
2-1: Foul Ball, location: 2F
2-2: Ball
3-2: SOLO HOME RUN (Flyball, 9D), Distance : 386 ft
Batting: LHB Dave Pitts 0-0: Swinging Strike
0-1: Ball
1-1: Ball
2-1: Swinging Strike
2-2: Ball
3-2: Strikes out swinging
Bottom of the 2nd over - 1 run(s), 1 hit(s), 0 error(s), 0 left on base; Baffin Island 1 - Kalamazoo 2
TOP OF THE 3RD
Baffin Island Beavers batting - Pitching for Kalamazoo Royale with Cheese : RHP Jason Taylor
Batting: RHB Dave Craig 0-0: Ball
1-0: Swinging Strike
1-1: Ground out 4-3 (Groundball, 4M)
Batting: LHB Chris Bates 0-0: Foul Ball, location: 2F
0-1: Called Strike
0-2: Ball
1-2: Ball
2-2: Ball
3-2: Base on Balls
Batting: LHB Jeff Cole 0-0: Called Strike
0-1: Foul Ball, location: 2F
0-2: Ball
1-2: 2-RUN HOME RUN (Line Drive, 9D), Distance : 396 ft
Batting: SHB Alonso Ferreira 0-0: Ground out 6-3 (Groundball, 6M)
Batting: LHB Jerry Bryan 0-0: Ball
1-0: Called Strike
1-1: Ball
2-1: Ball
3-1: Foul Ball, location: 2F
3-2: SINGLE (Groundball, 15) (infield hit)
Batting: RHB Tony Morton 0-0: Swinging Strike
0-1: Ball
1-1: Ball
2-1: Called Strike
2-2: Strikes out looking
Top of the 3rd over - 2 run(s), 2 hit(s), 0 error(s), 1 left on base; Baffin Island 3 - Kalamazoo 2
BOTTOM OF THE 3RD
Kalamazoo Royale with Cheese batting - Pitching for Baffin Island Beavers : RHP Robert Reeves
Batting: LHB Bill Hall 0-0: Called Strike
0-1: Foul Ball, location: 2F
0-2: Foul Ball, location: 2F
0-2: Ball
1-2: Ball
2-2: Strikes out looking
Batting: RHB Run-ming Zhu 0-0: Ball
1-0: Fly out, F8 (Flyball, 8LM)
Batting: LHB Jacob Wright 0-0: Foul Ball, location: 2F
0-1: Ball
1-1: Ball
2-1: Foul Ball, location: 2F
2-2: DOUBLE (Line Drive, 8RXD)
Batting: RHB Miguel Encarnación 0-0: Ball
1-0: Called Strike
1-1: Ball
2-1: Ground out 6-3 (Groundball, 56)
Bottom of the 3rd over - 0 run(s), 1 hit(s), 0 error(s), 1 left on base; Baffin Island 3 - Kalamazoo 2
TOP OF THE 4TH
Baffin Island Beavers batting - Pitching for Kalamazoo Royale with Cheese : RHP Jason Taylor
Batting: LHB Keng-chi Lao 0-0: Called Strike
0-1: Ball
1-1: Ground out 1-3 (Groundball, 25)
Batting: RHB José García 0-0: Ground out 6-3 (Groundball, 6S)
Batting: LHB Victor Howard 0-0: Ball
1-0: Ground out 4-3 (Groundball, 4)
Top of the 4th over - 0 run(s), 0 hit(s), 0 error(s), 0 left on base; Baffin Island 3 - Kalamazoo 2
BOTTOM OF THE 4TH
Kalamazoo Royale with Cheese batting - Pitching for Baffin Island Beavers : RHP Robert Reeves
Batting: LHB Francisco Torres 0-0: Fly out, F6 (Popup, 6MD)
Batting: LHB Ben Moss 0-0: Foul Ball, location: 2F
0-1: Swinging Strike
0-2: Ground out 4-3 (Groundball, 34)
Batting: LHB Jack Hewat 0-0: Ball
1-0: Called Strike
1-1: Fly out, F9 (Flyball, 89M)
Bottom of the 4th over - 0 run(s), 0 hit(s), 0 error(s), 0 left on base; Baffin Island 3 - Kalamazoo 2
TOP OF THE 5TH
Baffin Island Beavers batting - Pitching for Kalamazoo Royale with Cheese : RHP Jason Taylor
Batting: RHB Dave Craig 0-0: Called Strike
0-1: Ball
1-1: Ball
2-1: Foul Ball, location: 2F
2-2: SINGLE (Flyball, 89S)
Batting: LHB Chris Bates 0-0: Ball
1-0: Ball
2-0: Called Strike
2-1: Foul Ball, location: 2F
2-2: Foul Ball, location: 2F
2-2: SINGLE (Line Drive, 3D)
Dave Craig to second
Batting: LHB Jeff Cole 0-0: Ball
1-0: Foul Ball, location: 2F
1-1: Foul Ball, location: 2F
1-2: Grounds into double play, 4-6-3 (Groundball, 4)
Dave Craig to third
Batting: SHB Alonso Ferreira 0-0: Fly out, F4 (Popup, 34)
Top of the 5th over - 0 run(s), 2 hit(s), 0 error(s), 1 left on base; Baffin Island 3 - Kalamazoo 2
BOTTOM OF THE 5TH
Kalamazoo Royale with Cheese batting - Pitching for Baffin Island Beavers : RHP Robert Reeves
Batting: SHB Jack Fountain 0-0: Ball
1-0: Ball
2-0: Ball
3-0: Called Strike
3-1: Foul Ball, location: 2F
3-2: Foul Ball, location: 2F
3-2: Strikes out swinging
Batting: LHB Dave Pitts 0-0: Ball
1-0: Called Strike
1-1: Called Strike
1-2: Ball
2-2: Ball
3-2: Strikes out swinging
Batting: LHB Bill Hall 0-0: Ball
1-0: Called Strike
1-1: SINGLE (Line Drive, 8RS)
Batting: RHB Run-ming Zhu 0-0: Called Strike
0-1: Called Strike
0-2: Ball
1-2: Ground out 5-3 (Groundball, 6S)
Bottom of the 5th over - 0 run(s), 1 hit(s), 0 error(s), 1 left on base; Baffin Island 3 - Kalamazoo 2
TOP OF THE 6TH
Baffin Island Beavers batting - Pitching for Kalamazoo Royale with Cheese : RHP Jason Taylor
Batting: LHB Jerry Bryan 0-0: Called Strike
0-1: Called Strike
0-2: Ball
1-2: Strikes out swinging
Batting: RHB Tony Morton 0-0: Foul Ball, location: 2F
0-1: Foul Ball, location: 2F
0-2: Foul Ball, location: 2F
0-2: Ground out 5-3 (Groundball, 5S)
Batting: LHB Keng-chi Lao 0-0: Ball
1-0: Foul Ball, location: 2F
1-1: Ground out 6-3 (Groundball, 6)
Top of the 6th over - 0 run(s), 0 hit(s), 0 error(s), 0 left on base; Baffin Island 3 - Kalamazoo 2
BOTTOM OF THE 6TH
Kalamazoo Royale with Cheese batting - Pitching for Baffin Island Beavers : RHP Robert Reeves
Batting: LHB Jacob Wright 0-0: Ball
1-0: Foul Ball, location: 2F
1-1: SINGLE (Line Drive, 6D)
Batting: RHB Miguel Encarnación 0-0: Called Strike
0-1: Foul Ball, location: 2F
0-2: Ball
1-2: Ball
2-2: Foul Ball, location: 2F
2-2: Strikes out swinging
Batting: LHB Francisco Torres 0-0: Ball
1-0: Ball
2-0: Foul Ball, location: 2F
2-1: Ball
3-1: Called Strike
3-2: Strikes out swinging
Batting: LHB Ben Moss 0-0: Ball
1-0: Ball
2-0: Called Strike
2-1: Ball
3-1: Swinging Strike
3-2: Strikes out swinging
Bottom of the 6th over - 0 run(s), 1 hit(s), 0 error(s), 1 left on base; Baffin Island 3 - Kalamazoo 2
TOP OF THE 7TH
Baffin Island Beavers batting - Pitching for Kalamazoo Royale with Cheese : RHP Jason Taylor
Batting: RHB José García 0-0: Ball
1-0: Called Strike
1-1: Foul Ball, location: 2F
1-2: Ball
2-2: SINGLE (Groundball, 4MD)
Batting: LHB Victor Howard 0-0: SINGLE (Line Drive, 34D)
José García to second
Batting: RHB Dave Craig 0-0: Ball
1-0: Called Strike
1-1: DOUBLE (Line Drive, 78XD)
José García scores
Victor Howard to third
Pitching: LHP Morgan McDormand
Batting: LHB Chris Bates 0-0: Ball
1-0: SINGLE (Line Drive, 78S)
Victor Howard scores
Dave Craig to third
Runner from 3rd tries for Home, SAFE, no throw or cutoff
Pitching: RHP Roberto Ledesma
Batting: LHB Jeff Cole 0-0: Bunted foul
0-1: Sac Bunt - play at second, runner OUT! 2-6
Batting: SHB Alonso Ferreira 0-0: Ball
1-0: Fly out, F7 (Line Drive, 7S)
Batting: LHB Jerry Bryan 0-0: Called Strike
0-1: Ground out 6-3 (Groundball, 6)
Top of the 7th over - 3 run(s), 4 hit(s), 0 error(s), 1 left on base; Baffin Island 6 - Kalamazoo 2
BOTTOM OF THE 7TH
Kalamazoo Royale with Cheese batting - Pitching for Baffin Island Beavers : RHP Robert Reeves
Pitching: LHP Ignacio Colón
Batting: LHB Jack Hewat 0-0: Called Strike
0-1: Ball
1-1: Fly out, F7 (Flyball, 7M)
Batting: SHB Jack Fountain 0-0: Foul Ball, location: 2F
0-1: Ground out 4-3 (Groundball, 4M)
Batting: LHB Dave Pitts 0-0: Ground out 1-3 (Groundball, 13S)
Bottom of the 7th over - 0 run(s), 0 hit(s), 0 error(s), 0 left on base; Baffin Island 6 - Kalamazoo 2
TOP OF THE 8TH
Baffin Island Beavers batting - Pitching for Kalamazoo Royale with Cheese : RHP Roberto Ledesma
Batting: RHB Tony Morton 0-0: Called Strike
0-1: Ball
1-1: Ball
2-1: Ground out 6-3 (Groundball, 6M)
Batting: LHB Keng-chi Lao 0-0: Ball
1-0: Fly out, F7 (Flyball, 7D)
Batting: RHB José García 0-0: Ball
1-0: Ground out 2-3 (Groundball, 25)
Top of the 8th over - 0 run(s), 0 hit(s), 0 error(s), 0 left on base; Baffin Island 6 - Kalamazoo 2
BOTTOM OF THE 8TH
Kalamazoo Royale with Cheese batting - Pitching for Baffin Island Beavers : LHP Ignacio Colón
Batting: LHB Bill Hall 0-0: Ground out 4-3 (Groundball, 4)
Batting: RHB Run-ming Zhu 0-0: Called Strike
0-1: Ground out 5-3 (Groundball, 15S)
Batting: LHB Jacob Wright 0-0: Ball
1-0: Called Strike
1-1: Ball
2-1: Foul Ball, location: 2F
2-2: Foul Ball, location: 2F
2-2: Foul Ball, location: 2F
2-2: Ball
3-2: Fly out, F5 (Popup, 5SF)
Bottom of the 8th over - 0 run(s), 0 hit(s), 0 error(s), 0 left on base; Baffin Island 6 - Kalamazoo 2
TOP OF THE 9TH
Baffin Island Beavers batting - Pitching for Kalamazoo Royale with Cheese : RHP Roberto Ledesma
Batting: LHB Victor Howard 0-0: Ball
1-0: Called Strike
1-1: Foul Ball, location: 2F
1-2: Foul Ball, location: 2F
1-2: Strikes out swinging
Batting: RHB Dave Craig 0-0: Ground out 5-3 (Groundball, 5)
Batting: LHB Chris Bates 0-0: Ball
1-0: Ball
2-0: Called Strike
2-1: Called Strike
2-2: Ball
3-2: Base on Balls
Batting: LHB Jeff Cole 0-0: Ball
Chris Bates steals 2nd base
1-0: Called Strike
1-1: Called Strike
1-2: Strikes out swinging
Top of the 9th over - 0 run(s), 0 hit(s), 0 error(s), 1 left on base; Baffin Island 6 - Kalamazoo 2
BOTTOM OF THE 9TH
Kalamazoo Royale with Cheese batting - Pitching for Baffin Island Beavers : LHP Ignacio Colón
Batting: RHB Miguel Encarnación 0-0: Ball
1-0: Ball
2-0: SINGLE (Groundball, 56)
Batting: LHB Francisco Torres 0-0: Ball
1-0: Called Strike
1-1: Ball
2-1: Foul Ball, location: 2F
2-2: Fly out, F5 (Popup, 5F)
Batting: LHB Ben Moss 0-0: Called Strike
0-1: Ball
1-1: Swinging Strike
1-2: Strikes out swinging
Batting: LHB Jack Hewat 0-0: Called Strike
0-1: Ball
1-1: Ball
2-1: Foul Ball, location: 2F
2-2: Ball
3-2: Fly out, F6 (Line Drive, 6)
Bottom of the 9th over - 0 run(s), 1 hit(s), 0 error(s), 1 left on base; Baffin Island 6 - Kalamazoo 2
This league is powered by Out of the Park Baseball, the baseball management simulation game for PC, Mac and Linux
Saturday, April 9th, 2016 - OOTP Baseball 16.8 Build 38